 Dungeon Crawl Stone Soup version 0.30.0-29-ga12c61a403 (webtiles) character file.

Game seed: 14983675755242575634

579 AIAndy the Basher (level 7, -1/53 HPs)
             Began as a Gnoll Wanderer on June 25, 2023.
             Was a Follower of Makhleb.
             Shot with an arrow by a centaur (9 damage)
             ... on level 5 of the Dungeon.
             The game lasted 00:12:37 (3544 turns).

AIAndy the Basher (Gnoll Wanderer)                  Turns: 3544, Time: 00:12:37

Health: -1/53      AC: 12    Str: 13    XL:     7   Next: 36%
Magic:  10/10      EV:  5    Int:  8    God:    Makhleb [*.....]
Gold:   194        SH:  8    Dex: 15    Spells: 11/11 levels left

rFire   . . .        A - +0 flail (holy)
rCold   . . .        y - +0 kite shield
rNeg    . . .        g - +0 storm dragon scales
rPois   +            c - +0 helmet
rElec   +            (no cloak)
rCorr   .            (no gloves)
SInv    .            (no boots)
Will    .....        v - amulet of faith Stlth
                     l - ring of poison resistance
HPRegen 0.28/turn    (no ring)
MPRegen 0.12/turn

%: faith
@: mighty
A: fangs 1, strong nose, distributed training
a: Renounce Religion


You were on level 5 of the Dungeon.
You worshipped Makhleb.
Makhleb was aware of your devotion.
You visited 1 branch of the dungeon, and saw 5 of its levels.

You collected 242 gold pieces.
You spent 48 gold pieces at shops.

Inventory:

Hand Weapons
 b - a +0 short sword
 p - a +0 falchion of holy wrath
 A - a +0 flail of holy wrath (weapon)
Missiles
 n - 4 javelins (quivered)
 z - a throwing net
Armour
 c - a +0 helmet (worn)
 g - +0 storm dragon scales (worn)
 y - a +0 kite shield (worn)
Jewellery
 l - a ring of poison resistance (left hand)
 v - an amulet of faith (around neck)
Scrolls
 d - a scroll of teleportation
 f - a scroll of blinking {unknown}
 i - a scroll of amnesia {unknown}
 j - 2 scrolls of identify {unknown}
 k - a scroll of magic mapping {unknown}
 u - 2 scrolls of noise {unknown}
 w - a scroll of torment {unknown}
 x - a scroll of enchant weapon {unknown}
Potions
 e - 2 potions of lignification {unknown}
 h - 3 potions of curing {unknown}
 m - 2 potions of flight {unknown}
 o - a potion of brilliance {unknown}
 r - a potion of attraction {unknown}
 s - 4 potions of degeneration {unknown}
 t - a potion of magic {unknown}


   Skills:
 + Level 3.6 Fighting
 + Level 5.2 Short Blades
 + Level 2.5 Long Blades
 + Level 2.5 Axes
 + Level 8.9 Maces & Flails
 + Level 2.5 Polearms
 + Level 2.5 Staves
 + Level 2.5 Ranged Weapons
 + Level 2.5 Throwing
 + Level 2.5 Armour
 + Level 5.2 Dodging
 + Level 3.5 Stealth
 + Level 2.5 Shields
 + Level 2.5 Unarmed Combat
 + Level 2.5 Spellcasting
 + Level 2.0 Conjurations
 + Level 2.0 Hexes
 + Level 2.0 Summonings
 + Level 2.0 Necromancy
 + Level 2.0 Translocations
 + Level 2.0 Transmutations
 + Level 2.0 Fire Magic
 + Level 2.0 Ice Magic
 + Level 2.0 Air Magic
 + Level 2.0 Earth Magic
 + Level 2.0 Poison Magic
 + Level 2.8 Invocations
 + Level 2.5 Evocations


You had 11 spell levels left.
You didn't know any spells.
Your spell library contained the following spells:

 Spells                   Type           Power      Damage    Failure   Level
 Kiss of Death            Conj/Necr      16%        2d6       100%        1
 Confusing Touch          Hex            4%         N/A       100%        3
 Inner Flame              Hex/Fire       4%         N/A       100%        3
 Dispel Undead            Necr           4%         3d7       100%        4
 Flame Wave               Conj/Fire      4%         2d5       100%        4
 Sticky Flame             Conj/Fire      4%         2d3       100%        4


Dungeon Overview and Level Annotations

Branches:
Dungeon (5/15)
 Temple: D:4-7

Altars:
Makhleb
Ru
Vehumet
Xom

Shops:
D:3 *

Annotations:
D:5 Ijyb


Innate Abilities, Weirdness & Mutations

You have very sharp teeth.
Your uncanny sense of smell can sniff out nearby items.
Your experience applies equally to all skills.


Message History

The scorpion stings you but does no damage.
You hit the scorpion.
The scorpion is heavily wounded.
You feel sick. You block the scorpion's attack. The worm barely misses you.
The scorpion stings you but does no damage.
You closely miss the scorpion.
The scorpion is heavily wounded.
You feel sick. The scorpion stings you.
* * * LOW HITPOINT WARNING * * *
You block the worm's attack.
You feel very mighty all of a sudden.
You feel sick.
You are no longer poisoned.
The scorpion stings you but does no damage.
You block the worm's attack.
You sock the scorpion!
The scorpion is almost dead.
The scorpion stings you but does no damage.
The scorpion barely misses you.
You hit the scorpion.
You kill the scorpion!
Makhleb accepts your kill. You block the worm's attack.
You sock the worm!
You kill the worm!
Makhleb accepts your kill.
You feel better.
Found 2 javelins.
The centaur shoots an arrow.
The arrow hits you.
* * * LOW HITPOINT WARNING * * *
Throw: 5 javelins
Press: ? - help, Q - select action, (/) - cycle Shift-Dir - straight line, f - centaur
Aim: a centaur, wielding a +0 shortbow (71% to hit)
You throw a javelin.
The javelin pierces through the centaur.
The centaur is lightly wounded.
The centaur shoots an arrow.
The arrow hits you but does no damage.
The centaur shoots an arrow.
You block the arrow.
Okay, then.
The centaur shoots an arrow.
The arrow hits you!
You die...

....##.........#.# ..#
......#........#.##.####
.....#####.##..........
.. ......c..$......
#......... #.........
#......... ∆ #..!......
#@.####.## #.## # #.#
..# ... ##.. ... .##.


You could see a centaur.

Vanquished Creatures
  A phantom (D:4)
  2 scorpions
  A howler monkey (D:4)
  A crimson imp (D:3)
  3 jellies (D:4)
  7 gnolls (D:4)
  5 adders
  A worm (D:5)
  4 dart slugs
  5 orcs (D:3)
  7 bats
  7 endoplasms
  5 giant cockroaches (D:2)
  8 hobgoblins
  7 jackals
  5 quokkas
  11 ball pythons
  3 frilled lizards
  8 goblins
  6 kobolds
  8 rats
  A spectral hobgoblin (D:2)
106 creatures vanquished.

Notes
Turn   | Place    | Note
-------+----------+-------------------------------------------
     0 | D:1      | AIAndy the Gnoll Wanderer began the quest for the Orb.
     0 | D:1      | AIAndy set off with the following items: a +0 flail, a +0
                  | short sword, a +0 helmet, a scroll of teleportation, a +0
                  | leather armour.
     0 | D:1      | Reached XP level 1. HP: 17/17 MP: 1/1
    65 | D:1      | Reached XP level 2. HP: 23/23 MP: 2/2
   407 | D:1      | Reached XP level 3. HP: 26/28 MP: 3/3
   722 | D:2      | Reached skill level 1 in Invocations
   807 | D:2      | Found a faded altar of an unknown god.
   975 | D:2      | Reached skill level 1 in Long Blades
   975 | D:2      | Reached skill level 1 in Axes
   975 | D:2      | Reached skill level 1 in Polearms
   975 | D:2      | Reached skill level 1 in Staves
   975 | D:2      | Reached skill level 1 in Ranged Weapons
   975 | D:2      | Reached skill level 1 in Throwing
   975 | D:2      | Reached skill level 1 in Armour
   975 | D:2      | Reached skill level 1 in Shields
   975 | D:2      | Reached skill level 1 in Unarmed Combat
   975 | D:2      | Reached skill level 1 in Spellcasting
   975 | D:2      | Reached skill level 1 in Evocations
  1347 | D:2      | Reached XP level 4. HP: 34/34 MP: 5/5
  1440 | D:3      | Found Heih's General Store.
  1448 | D:3      | Bought a potion of might for 48 gold pieces
  1815 | D:3      | Reached skill level 1 in Conjurations
  1815 | D:3      | Reached skill level 1 in Hexes
  1815 | D:3      | Reached skill level 1 in Summonings
  1815 | D:3      | Reached skill level 1 in Necromancy
  1815 | D:3      | Reached skill level 1 in Translocations
  1815 | D:3      | Reached skill level 1 in Transmutations
  1815 | D:3      | Reached skill level 1 in Fire Magic
  1815 | D:3      | Reached skill level 1 in Ice Magic
  1815 | D:3      | Reached skill level 1 in Air Magic
  1815 | D:3      | Reached skill level 1 in Earth Magic
  1815 | D:3      | Reached skill level 1 in Poison Magic
  2159 | D:3      | Found a radiant altar of Vehumet.
  2172 | D:3      | Reached XP level 5. HP: 35/40 MP: 5/7
  2181 | D:3      | Found a burning altar of Makhleb.
  2186 | D:3      | Became a worshipper of Makhleb the Destroyer
  2450 | D:4      | Found a sacrificial altar of Ru.
  2540 | D:4      | Reached XP level 6. HP: 47/47 MP: 8/8
  2567 | D:4      | Reached skill level 5 in Short Blades
  2567 | D:4      | Reached skill level 5 in Dodging
  2754 | D:4      | Found a shimmering altar of Xom.
  2966 | D:4      | Reached * piety under Makhleb
  3106 | D:4      | Reached XP level 7. HP: 45/52 MP: 10/10
  3506 | D:5      | Entered Level 5 of the Dungeon
  3510 | D:5      | Noticed Ijyb
  3544 | D:5      | Shot with an arrow by a centaur

Illustrated notes

Levels and vault maps discovered:
D:1:      lemuel_arrival_broad_hall, layout_basic
D:2:      layout_loops_ring, dreamdust_ecumenical_altar_drowned_temple
D:3:      layout_loops_ring, grunt_temple_overflow_lords_of_destruction,
          serial_shops, nicolae_shop_advertising_works
          [nicolae_subvault_shop_adworks], serial_bayou_ford_a
D:4:      layout_loops_ring, dk_xom_monty_hall, nicolae_ru_sacrificial_ziggurat
D:5:      layout_rooms, uniq_ijyb

Skill      XL: |  1  2  3  4  5  6  7 |
---------------+----------------------+-----
Invocations    | 1 2 |  2.8
Long Blades    | 1 2 |  2.5
Axes           | 1 2 |  2.5
Polearms       | 1 2 |  2.5
Staves         | 1 2 |  2.5
Ranged Weapons | 1 2 |  2.5
Throwing       | 1 2 |  2.5
Armour         | 1 2 |  2.5
Shields        | 1 2 |  2.5
Unarmed Combat | 1 2 |  2.5
Spellcasting   | 1 2 |  2.5
Evocations     | 1 2 |  2.5
Conjurations   | 1 2 |  2.0
Hexes          | 1 2 |  2.0
Summonings     | 1 2 |  2.0
Necromancy     | 1 2 |  2.0
Translocations | 1 2 |  2.0
Transmutations | 1 2 |  2.0
Fire Magic     | 1 2 |  2.0
Ice Magic      | 1 2 |  2.0
Air Magic      | 1 2 |  2.0
Earth Magic    | 1 2 |  2.0
Poison Magic   | 1 2 |  2.0
Fighting       | 3 |  3.6
Stealth        | 3 |  3.5
Short Blades   | 5 |  5.2
Dodging        | 5 |  5.2
Maces & Flails | |  8.9

Action                     |  1- 3 |  4- 6 |  7- 9 || total
---------------------------+-------+-------+-------++-------
  Melee: Flail             |   131 |   182 |    31 ||   344
         Bite              |    10 |    17 |     4 ||    31
         Punch             |     1 |     1 |       ||     2
  Throw: Javelin           |       |     6 |     1 ||     7
    Use: Scroll            |       |       |     1 ||     1
         Potion            |       |       |     1 ||     1
 Armour: Leather armour    |     3 |       |       ||     3
         Storm dragon scal |    69 |    82 |    34 ||   185
  Dodge: Dodged            |    49 |    68 |     8 ||   125
  Block: Kite shield       |       |    22 |    15 ||    37
